 Dungeon Crawl Stone Soup version 0.31-a0-859-g9dce7d3444 (webtiles) character file.

Game seed: 6004335996329526719

289 wildpjah the Slasher (level 6, -10/47 HPs)
             Began as a Merfolk Gladiator on Oct 3, 2023.
             Mangled by an ogre
             ... wielding a +0 giant club
              (17 damage)
             ... on level 4 of the Dungeon on Oct 9, 2023.
             The game lasted 00:06:21 (2796 turns).

wildpjah the Slasher (Merfolk Gladiator)            Turns: 2796, Time: 00:06:21

Health: -10/47     AC:  4    Str: 14    XL:     6   Next: 31%
Magic:  6/6        EV: 14    Int:  7    God:
Gold:   220        SH:  0    Dex: 18    Spells: 5/5 levels left

rFire   . . .        a - +0 long sword
rCold   . . .        (no shield)
rNeg    . . .        b - +0 leather armour
rPois   .            c - +0 helmet
rElec   .            (no cloak)
rCorr   .            (no gloves)
SInv    .            (no boots)
Will    .....        f - amulet of magic regeneration
Stlth   ++           (no ring)
HPRegen 0.27/turn    (no ring)
MPRegen 0.50/turn

%: no passive effects
@: no status effects
A: (nimble swimmer 2), mertail
a: no special abilities


You were on level 4 of the Dungeon.
You visited 1 branch of the dungeon, and saw 4 of its levels.

You collected 220 gold pieces.

Inventory:

Hand Weapons
 a - a +0 long sword (weapon)
 q - a +1 dagger of electrocution
Missiles
 d - a throwing net (quivered)
 g - 5 boomerangs
Armour
 b - a +0 leather armour (worn)
 c - a +0 helmet (worn)
Jewellery
 f - an amulet of magic regeneration (around neck)
Wands
 s - a wand of mindburst (5)
 v - a wand of polymorph (10)
Scrolls
 j - 6 scrolls of identify {unknown}
 k - a scroll of amnesia {unknown}
 m - a scroll of poison {unknown}
 n - a scroll of vulnerability {unknown}
 o - 2 scrolls of teleportation {unknown}
 r - 2 scrolls of fear {unknown}
 w - a scroll of enchant armour {unknown}
Potions
 h - a potion of attraction {unknown}
 i - 3 potions of lignification {unknown}
 l - 2 potions of mutation {unknown}
 p - a potion of degeneration {unknown}
 u - a potion of curing {unknown}
 x - a potion of brilliance {unknown}


   Skills:
 + Level 3.2 Fighting
 + Level 6.0 Long Blades
 + Level 2.2 Throwing
 + Level 1.3 Armour
 + Level 5.2 Dodging
 + Level 1.9 Stealth
 + Level 0.1 Unarmed Combat


You had 5 spell levels left.
You didn't know any spells.
Your spell library contained the following spells:

 Spells                   Type           Power      Damage    Failure   Level
 Ensorcelled Hibernation  Hex/Ice        0%         N/A       65%         2
 Jinxbite                 Hex            0%         N/A       65%         2
 Anguish                  Hex/Necr       0%         N/A       99%         4


Dungeon Overview and Level Annotations

Branches:
Dungeon (4/15)
 Temple: D:4-7

Altars:
Yredelemnul

Shops:
D:1 [


Innate Abilities, Weirdness & Mutations

((You are very nimble when in or above water. (Stealth+, EV+, Speed+++)))
Your lower body shifts to a powerful aquatic tail in water.


Message History

Okay, then.
Unknown command.
Unknown command.
Throw: javelin
Press: ? - help, Q - select action, (/) - cycle Shift-Dir - straight line, f - ogre
Aim: an ogre, wielding a +0 giant club (wandering, hasn't noticed you, 75% to hit)
You throw a javelin. The ogre shouts!
The javelin pierces through the ogre.
The ogre is lightly wounded.
Throw: 5 boomerangs
Press: ? - help, Q - select action, (/) - cycle Shift-Dir - straight line, f/p - ogre
Aim: an ogre, wielding a +0 giant club (lightly wounded, 75% to hit)
You throw a boomerang. The boomerang barely misses the ogre.
Throw: 2 throwing nets
Press: ? - help, Q - select action, (/) - cycle Shift-Dir - straight line, f/p - ogre
Aim: an ogre, wielding a +0 giant club (lightly wounded, 75% to hit)
You throw a throwing net. The throwing net hits the ogre.
The ogre is caught in the net!
The ogre is lightly wounded.
The ogre struggles against the net.
The ogre struggles against the net.
You hit the ogre.
The ogre is moderately wounded.
The ogre struggles against the net.
You hit the ogre.
The ogre is heavily wounded.
The ogre struggles against the net.
You slash the ogre! You punch the ogre.
The ogre is almost dead.
The ogre struggles against the net.
The net rips apart, and the ogre comes free!
The ogre hits you with a +0 giant club!!
* * * LOW HITPOINT WARNING * * *
You completely miss the ogre.
The ogre is almost dead.
You barely miss the ogre.
The ogre is almost dead.
The ogre hits you with a +0 giant club!
You die...

#.#[.......
##.#........
#......... ####... #+#
#..# .... #......# #
#.####..# .<# #
#......#
#.##.(...†.##.##...#
#....[[#
#.......†...<......#
.....#
####O#.##+######...# .
#...# #@#.....# #
...##...######)#.....#
.....................+
...............#.....#
........###..........#
........# #..........#
###....w# #...........
#.....# #.......####
##..... #.......#


You could see an ogre.

Vanquished Creatures
  An orc priest (D:3)
  Crazy Yiuf (D:3)
  Ijyb (D:3)
  An iguana (D:4)
  2 orc wizards (D:3)
  2 gnolls
  2 adders (D:3)
  A white imp (D:3)
  A dart slug (D:1)
  2 worms
  6 orcs (D:3)
  8 endoplasms
  5 goblins
  7 hobgoblins
  11 jackals
  A quokka (D:1)
  5 ball pythons
  5 bats
  A frilled lizard (D:2)
  6 kobolds
  11 rats
80 creatures vanquished.

Notes
Turn   | Place    | Note
-------+----------+-------------------------------------------
     0 | D:1      | wildpjah the Merfolk Gladiator began the quest for the Orb.
     0 | D:1      | Reached XP level 1. HP: 16/16 MP: 1/1
    39 | D:1      | Reached XP level 2. HP: 10/23 MP: 2/2
   149 | D:1      | Reached skill level 4 in Long Blades
   257 | D:1      | Found Fuludu's Antique Armour Shop.
   278 | D:1      | Upgraded the game from 0.31-a0-846-gb3bcc0d938 to
                  | 0.31-a0-848-gaac375c287
   334 | D:1      | Reached XP level 3. HP: 28/28 MP: 3/3
  1475 | D:3      | Reached XP level 4. HP: 12/34 MP: 4/4
  1484 | D:3      | HP: 1/34 [orc wizard/magic dart (5)]
  1489 | D:3      | Reached skill level 5 in Long Blades
  1489 | D:3      | Reached skill level 1 in Armour
  1621 | D:3      | Found a faded altar of an unknown god.
  1693 | D:3      | Found a runed translucent door.
  1694 | D:3      | Noticed Crazy Yiuf
  1703 | D:3      | Killed Crazy Yiuf
  1704 | D:3      | Reached XP level 5. HP: 41/41 MP: 5/5
  1707 | D:3      | Identified the +2 hammer "Unkityif" {speed, rCorr Dex-4
                  | Stlth+}
  1749 | D:3      | Found Qippufri's Weapon Shop.
  1939 | D:3      | Noticed Ijyb
  1953 | D:3      | Killed Ijyb
  1954 | D:3      | Reached skill level 5 in Dodging
  2191 | D:3      | Upgraded the game from 0.31-a0-848-gaac375c287 to
                  | 0.31-a0-859-g9dce7d3444
  2202 | D:3      | Reached XP level 6. HP: 22/47 MP: 6/6
  2426 | D:3      | Reached skill level 6 in Long Blades
  2457 | D:3      | Reached skill level 1 in Stealth
  2575 | D:3      | Found a basalt altar of Yredelemnul.
  2796 | D:4      | Mangled by an ogre

Illustrated notes

Levels and vault maps discovered:
D:1:      tarquinn_simple_flora_water_c, layout_rooms, serial_shops, shop,
          minmay_misc_feat_iff, chequers_serial_rivers_small_b
D:2:      layout_loops_ring
D:3:      layout_basic, mainiacjoe_overflow_alcove_4, serial_shops,
          nicolae_shop_tiny_real_fake_doors,
          dreamdust_ecumenical_altar_angels_and_demons, minmay_quadrilaterals,
          uniq_ijyb, uniq_crazy_yiuf_cottage
D:4:      layout_basic, gammafunk_ghost_arena

Skill      XL: |  1  2  3  4  5  6 |
---------------+-------------------+-----
Long Blades    | 4 5 6 |  6.0
Armour         | 1 |  1.3
Fighting       | 3 |  3.2
Dodging        | 5 |  5.2
Stealth        | 1 |  1.9
Throwing       | |  2.2
Unarmed Combat | |  0.1

Action                     |  1- 3 |  4- 6 || total
---------------------------+-------+-------++-------
  Melee: Long sword        |   108 |   118 ||   226
         Punch             |       |     4 ||     4
         Unarmed           |       |    13 ||    13
  Throw: Javelin           |       |     2 ||     2
         Throwing net      |       |     2 ||     2
         Boomerang         |       |     2 ||     2
  Evoke: Wand              |       |     3 ||     3
   Stab: Held in net/web   |       |     1 ||     1
         Sleeping          |       |     2 ||     2
 Armour: Leather armour    |    44 |    68 ||   112
         Skin              |       |     7 ||     7
  Dodge: Dodged            |    89 |   122 ||   211

Table legend: (Time is in decaauts)
 A = Elapsed time spent in this place.
 B = Non-inter-level travel time spent in this place.
 C = Inter-level travel time spent in this place.
 D = Time resting spent in this place.
 E = Time spent auto-exploring this place.
 F = Levels seen in this place.
 G = Mean time per level.
                   A        B        C        D        E       F      G
               +--------+--------+--------+--------+--------+-----+--------+
         Total |   2825 |   2772 |     53 |      0 |   2235 |   4 |  706.2 |
       Dungeon |   2825 |   2772 |     53 |      0 |   2235 |   4 |  706.2 |
               +--------+--------+--------+--------+--------+-----+--------+

Top non-repeatable levels by time:
     D:3: 1248 daAuts
     D:1: 790 daAuts
     D:2: 683 daAuts
     D:4: 103 daAuts
